 Dungeon Crawl Stone Soup version 0.30.0-3-ga4e48a9924 (webtiles) character file.

Game seed: 9798631843479384061

1654 Silvore the Carver (level 8, -2/70 HPs)
             Began as a Minotaur Fighter on May 7, 2023.
             Was a Believer of Okawaru.
             Slain by a sky beast (4 damage)
             ... on level 6 of the Dungeon.
             The game lasted 00:07:46 (5501 turns).

Silvore the Carver (Minotaur Fighter)               Turns: 5501, Time: 00:07:47

Health: -2/70      AC: 15    Str: 23    XL:     8   Next: 68%
Magic:  7/7        EV:  7    Int: 11    God:    Okawaru [**....]
Gold:   174        SH: 10    Dex: 10    Spells: 7/7 levels left

rFire   . . .        a - +0 long sword
rCold   . . .        c - +0 buckler
rNeg    . . .        j - +0 plate armour
rPois   .            (helmet restricted)
rElec   .            f - +0 cloak
rCorr   .            i - +0 pair of gloves
SInv    .            (no boots)
Will    .....        k - amulet of reflection Stlth
                     h - +6 ring of intelligence
HPRegen 0.31/turn    (no ring)
MPRegen 0.10/turn

%: reflection
@: no status effects
A: horns 2, retaliatory headbutt
a: Renounce Religion, Heroism


You were on level 6 of the Dungeon.
You worshipped Okawaru.
Okawaru was pleased with you.
You visited 1 branch of the dungeon, and saw 6 of its levels.

You collected 329 gold pieces.
You spent 155 gold pieces at shops.

Inventory:

Hand Weapons
 a - a +0 long sword (weapon)
Armour
 b - a +0 scale mail
 c - a +0 buckler (worn)
 f - a +0 cloak (worn)
 i - a +0 pair of gloves (worn)
 j - a +0 plate armour (worn)
Jewellery
 h - a +6 ring of intelligence (left hand)
 k - an amulet of reflection (around neck)
 t - an amulet of regeneration
Scrolls
 g - a scroll of enchant weapon {unknown}
 m - a scroll of teleportation
 n - 2 scrolls of identify
 p - a scroll of magic mapping
Potions
 d - a potion of ambrosia
 e - 4 potions of haste
 l - 3 potions of degeneration
 o - a potion of magic
 q - 2 potions of mutation
 r - 2 potions of flight
 s - 2 potions of curing
 u - a potion of heal wounds
 v - a potion of might


   Skills:
 + Level 6.1 Fighting
 + Level 8.2 Long Blades
 + Level 7.0 Armour
 + Level 1.4 Dodging
 + Level 7.9 Shields


You had 7 spell levels left.
You didn't know any spells.
Your spell library contained the following spells:

 Spells                   Type           Power      Damage    Failure   Level
 Apportation              Tloc           0%         N/A       99%         1
 Necrotise                Necr           0%         1d4       99%         1
 Vhi's Electric Charge    Tloc/Air       0%         N/A       100%        3
 Arcjolt                  Conj/Air       0%         1d10      100%        5
 Plasma Beam              Fire/Air       0%         2x1d11    100%        6
 Summon Small Mammal      Summ           Unusable   N/A       N/A         1

Dungeon Overview and Level Annotations

Branches:
Dungeon (6/15)
 Temple: D:4-7

Altars:
Ashenzari
Elyvilon
Gozag
Okawaru
Ru
Trog
Xom

Shops:
D:1 ?   D:3 ?

Annotations:
D:3 2 transporters, aaron's ghost, amateur TrMo


Innate Abilities, Weirdness & Mutations

You have a pair of horns on your head.
You reflexively headbutt those who attack you in melee.


Message History

Something hits you but does no damage. Something hits you but does no damage.
The iguana bites you but does no damage.
You hit the iguana.
The iguana is moderately wounded.
Something hits you but does no damage.
The iguana bites you but does no damage.
You slash the iguana!
The iguana is severely wounded.
A sky beast appears from thin air!
Reactivating autopickup.
The sky beast hits you but does no damage.
The two-headed ogre barely misses you.
The two-headed ogre hits you with a +0 giant spiked club!
The iguana bites you!
You hit the iguana but do no damage.
The iguana is severely wounded.
You block the sky beast's attack. You block the iguana's attack.
The two-headed ogre hits you with a +0 giant spiked club.
The two-headed ogre closely misses you.
Unknown command.
You hit the iguana but do no damage.
The iguana is severely wounded.
The sky beast hits you but does no damage.
You block the iguana's attack.
The two-headed ogre hits you with a +0 giant spiked club!
You block the two-headed ogre's attack. The iguana closely misses you.
The sky beast hits you but does no damage.
You hit the iguana but do no damage. Your headbutt misses the iguana.
The iguana is severely wounded.
The sky beast hits you but does no damage.
The iguana bites you but does no damage.
You barely miss the iguana.
The iguana is severely wounded.
The two-headed ogre hits you with a +0 giant spiked club!!
* * * LOW HITPOINT WARNING * * *
The two-headed ogre hits you with a +0 giant spiked club!
* * * LOW HITPOINT WARNING * * *
The sky beast hits you.
You die...

........................
................))......
.................)......
........................
........................
##.....########.......
+.....#......#.......
#....Y#......#.......
#..O@.#......#.......
#...l.#......#...[..)
#.....#......#.......
.......#......#.......
.........#......#.......
.........#......#.......
.........#......#.......
.........#...##'#.......
###...#.........#


You could see a two-headed ogre, a sky beast and an iguana.

Vanquished Creatures
  Grinder (D:4)
  A steam dragon (D:6)
  Menkaure (D:6)
  Edmund (D:4)
  An acid dragon (D:5)
  An ice beast (D:6)
  A black bear (D:3)
  A scorpion (D:6)
  4 crimson imps (D:4)
  2 gnoll boudas
  3 hounds
  A jelly (D:6)
  2 orc priests
  2 iguanas (D:5)
  2 sleepcaps
  6 gnolls
  10 adders
  A worm (D:3)
  3 dart slugs
  11 orcs
  15 ball pythons
  2 endoplasms
  5 giant cockroaches
  3 goblins (D:1)
  7 hobgoblins
  2 jackals (D:5)
  2 quokkas
  5 bats
  4 frilled lizards
  9 kobolds
  7 rats
116 creatures vanquished.

Notes
Turn   | Place    | Note
-------+----------+-------------------------------------------
     0 | D:1      | Silvore the Minotaur Fighter began the quest for the Orb.
     0 | D:1      | Reached XP level 1. HP: 19/19 MP: 0/0
   128 | D:1      | Found Ikhleimep's Magic Scroll Emporium.
   175 | D:1      | Reached XP level 2. HP: 27/27 MP: 1/1
   660 | D:2      | Reached skill level 3 in Long Blades
   660 | D:2      | Reached XP level 3. HP: 33/33 MP: 2/2
  1462 | D:3      | Noticed a black bear
  1473 | D:3      | Killed a black bear
  1474 | D:3      | Reached XP level 4. HP: 31/40 MP: 3/3
  1474 | D:3      | Reached XP level 5. HP: 36/46 MP: 4/4
  1524 | D:3      | Reached skill level 4 in Long Blades
  1531 | D:3      | Reached skill level 5 in Shields
  1936 | D:3      | Found a transporter.
  1936 | D:3      | Noticed an ogre
  1936 | D:3      | Noticed aaron's ghost (amateur TrMo)
  1937 | D:3      | Found a transporter.
  1937 | D:3      | Identified the +4 giant club of Dyorr {venom, rCorr}
  1937 | D:3      | Noticed an ogre
  1937 | D:3      | Noticed an ogre
  1979 | D:3      | Found Zaecvewk's Magic Scroll Emporium.
  1982 | D:3      | Bought a scroll of identify for 20 gold pieces
  1982 | D:3      | Bought a scroll of identify for 20 gold pieces
  1982 | D:3      | Bought a scroll of magic mapping for 75 gold pieces
  1982 | D:3      | Bought 2 scrolls of identify for 40 gold pieces
  2034 | D:3      | Identified the +2 ring mail of Woakuamix {rC+ rN+ Regen+
                  | Dex-5}
  2084 | D:3      | Identified the +1 leather armour of the Great Game {Dex+2}
  2393 | D:3      | Reached skill level 5 in Armour
  2675 | D:4      | Identified the +3 ring mail "Fimuin" {Dex+2}
  2686 | D:4      | Found a bloodstained altar of Trog.
  2781 | D:4      | Found a shimmering altar of Xom.
  2785 | D:4      | Reached XP level 6. HP: 49/53 MP: 5/5
  2793 | D:4      | Reached skill level 5 in Long Blades
  2871 | D:4      | Found an iron altar of Okawaru.
  2871 | D:4      | Found a broken altar of Ashenzari.
  2909 | D:4      | Became a worshipper of Warmaster Okawaru
  3112 | D:4      | Noticed Grinder
  3156 | D:4      | Killed Grinder
  3157 | D:4      | Reached XP level 7. HP: 46/60 MP: 6/6
  3237 | D:4      | Noticed Edmund
  3277 | D:4      | Killed Edmund
  3277 | D:4      | Reached * piety under Okawaru
  3278 | D:4      | Reached skill level 5 in Fighting
  3278 | D:4      | Reached skill level 6 in Long Blades
  3823 | D:5      | Entered Level 5 of the Dungeon
  4157 | D:5      | Reached XP level 8. HP: 68/68 MP: 7/7
  4211 | D:5      | Reached skill level 1 in Dodging
  4363 | D:5      | Reached skill level 7 in Long Blades
  4796 | D:6      | Noticed Menkaure
  4806 | D:6      | Killed Menkaure
  5018 | D:6      | Identified the +0 whip of Ganny {pain, rPois}
  5261 | D:6      | Reached ** piety under Okawaru
  5314 | D:6      | Reached skill level 8 in Long Blades
  5394 | D:6      | Found a sacrificial altar of Ru.
  5400 | D:6      | Found an opulent altar of Gozag.
  5405 | D:6      | Found a white marble altar of Elyvilon.
  5493 | D:6      | Noticed a two-headed ogre
  5501 | D:6      | HP: 2/70 [two-headed ogre/+0 giant spiked club (15)]
  5501 | D:6      | Slain by a sky beast

Illustrated notes

Levels and vault maps discovered:
D:1:      mrwooster_arrival_statue_2, layout_basic, serial_shops,
          nicolae_shop_trees
D:2:      layout_loops_ring
D:3:      layout_loops_corners, serial_shops, nicolae_shop_real_fake_doors,
          gammafunk_ghost_smash, corexii_corridor_pit, grunt_decor_cap,
          minmay_snake_closets
D:4:      layout_cave_pods, led_xom_imps, amcnicky_altar_gilded,
          nicolae_overflow_two_pavilions, uniq_edmund, uniq_grinder
D:5:      layout_rooms
D:6:      layout_gridville, minmay_overflow_temple_star_quad, uniq_menkaure

Skill      XL: |  1  2  3  4  5  6  7  8 |
---------------+-------------------------+-----
Armour         | 4 5 6 7 |  7.0
Shields        | 4 5 6 7 |  7.9
Long Blades    | 3 4 5 6 8 |  8.2
Fighting       | 4 5 6 |  6.1
Dodging        | 1 |  1.4

Action                     |  1- 3 |  4- 6 |  7- 9 || total
---------------------------+-------+-------+-------++-------
  Melee: Long sword        |    76 |   161 |   162 ||   399
         Headbutt          |    16 |    29 |    21 ||    66
    Use: Scroll            |     5 |     6 |     1 ||    12
         Potion            |       |       |     4 ||     4
 Armour: Plate armour      |    42 |    89 |    79 ||   210
         Scale mail        |     4 |       |       ||     4
  Dodge: Dodged            |    22 |    41 |    48 ||   111
  Block: Buckler           |    56 |   105 |    83 ||   244
         Reflection        |     3 |     1 |     1 ||     5
